 Dungeon Crawl Stone Soup version 0.30-a0-953-g5f1da4a474 (webtiles) character file.

Game seed: 12759068215667213172

3157 Dittersdorf the Blocker (level 9, -7/59 HPs)
             Began as a Gargoyle Fighter on Mar 28, 2023.
             Was a Priest of Okawaru.
             Mangled by a komodo dragon (shapeshifter) (10 damage)
             ... on level 8 of the Dungeon.
             The game lasted 00:11:52 (8188 turns).

Dittersdorf the Blocker (Gargoyle Fighter)          Turns: 8188, Time: 00:11:52

Health: -7/59      AC: 24    Str: 23    XL:     9   Next: 94%
Magic:  9/9        EV:  5    Int: 10    God:    Okawaru [***...]
Gold:   312        SH:  9    Dex:  9    Spells: 8/8 levels left

rFire   . . .      SeeInvis .    a - +4 flail
rCold   + . .      Faith    .    l - +0 kite shield
rNeg    + + .      Spirit   .    p - +0 plate armour
rPois   ∞          Reflect  .    q - +0 helmet
rElec   +          Rampage  .    A - scarf {repulsion}
rCorr   .                        e - +0 pair of gloves
Will    .....                    i - +0 pair of boots Stlth
                                 (no amulet)
HPRegen 0.29/turn                C - ring of protection from cold
MPRegen 0.11/turn                z - ring of positive energy

@: repel missiles
A: sickness immunity, AC +6, negative energy resistance 1, electricity
resistance, torment resistance 1, petrification resistance
a: Renounce Religion, Heroism


You were on level 8 of the Dungeon.
You worshipped Okawaru.
Okawaru was most pleased with you.
You visited 2 branches of the dungeon, and saw 9 of its levels.

You collected 312 gold pieces.

Inventory:

Hand Weapons
 a - a +4 flail (weapon)
 u - a +1 morningstar
Missiles
 f - 24 poisoned darts (quivered)
 n - 4 throwing nets
Armour
 e - a +0 pair of gloves (worn)
 i - a +0 pair of boots (worn)
 l - a +0 kite shield (worn)
 p - a +0 plate armour (worn)
 q - a +0 helmet (worn)
 y - a +0 cloak
 A - a scarf of repulsion (worn)
Jewellery
 z - a ring of positive energy (right hand)
 C - a ring of protection from cold (left hand)
Wands
 w - a wand of digging (7)
 x - a wand of roots (7)
Scrolls
 c - 2 scrolls of poison {unknown}
 g - 2 scrolls of identify
 t - 6 scrolls of teleportation
 v - a scroll of fog {unknown}
Potions
 b - 8 potions of curing {unknown}
 d - 3 potions of might
 h - a potion of lignification {unknown}
 j - 3 potions of flight {unknown}
 k - 3 potions of mutation {unknown}
 m - 2 potions of brilliance
 o - 2 potions of invisibility
 r - a potion of heal wounds
 s - a potion of haste


   Skills:
 + Level 8.1 Fighting
 + Level 7.0 Maces & Flails
 + Level 8.1 Armour
 + Level 8.2 Shields


You had 8 spell levels left.
You didn't know any spells.
Your spell library contained the following spells:

 Spells                   Type           Power      Damage    Failure   Level
 Shock                    Conj/Air       0%         1d3       100%        1
 Slow                     Hex            0%         N/A       100%        1
 Blink                    Tloc           0%         N/A       100%        2
 Lesser Beckoning         Tloc           0%         N/A       100%        2
 Momentum Strike          Conj/Tloc      0%         3d8       100%        2
 Confusing Touch          Hex            0%         N/A       100%        3
 Hailstorm                Conj/Ice       0%         3d3       100%        3
 Swiftness                Air            0%         N/A       100%        3
 Vampiric Draining        Necr           0%         2d6       100%        3
 Airstrike                Air            0%         2d(0-16)  100%        4
 Cause Fear               Hex            0%         N/A       100%        4
 Ice Form                 Ice/Tmut       0%         N/A       100%        4
 Dragon Form              Tmut           0%         N/A       100%        7
 Summon Small Mammal      Summ           Unusable   N/A       N/A         1
 Call Imp                 Summ           Unusable   N/A       N/A         2
 Call Canine Familiar     Summ           Unusable   N/A       N/A         3
 Summon Guardian Golem    Hex/Summ       Unusable   N/A       N/A         3
 Summon Mana Viper        Hex/Summ       Unusable   N/A       N/A         5
 Simulacrum               Ice/Necr       Unusable   N/A       N/A         6
 Summon Horrible Things   Summ           Unusable   N/A       N/A         8
 Dragon's Call            Summ           Unusable   N/A       N/A         9

Dungeon Overview and Level Annotations

Branches:
Dungeon (8/15)             Temple (1/1) D:4
   Lair: D:8-11

Altars:
Cheibriados
Fedhas
Gozag
Hepliaklqana
Makhleb
Nemelex Xobeh
Okawaru
Ru
Uskayaw
Vehumet
Xom
Yredelemnul
The Shining One

Shops:
D:1 [   D:5 ?[?

Annotations:
D:3 2 runed translucent doors, retardedninja's ghost, amateur DECj
D:5 exclusion: statue


Innate Abilities, Weirdness & Mutations

You are immune to sickness and miasma.
Your stone body is resilient. (AC +6)
You are immune to poison.
You resist negative energy. (rN+)
You are resistant to electric shocks. (rElec)
You are resistant to unholy torment.
You are immune to petrification.


Message History

You are too injured to fight recklessly!
You are too injured to fight recklessly!
You are too injured to fight recklessly!
You are too injured to fight recklessly!
You are too injured to fight recklessly!
You sock the komodo dragon!
The komodo dragon is moderately wounded.
The komodo dragon bites you but does no damage.
You closely miss the komodo dragon.
The komodo dragon is moderately wounded.
The komodo dragon bites you!
* * * LOW HITPOINT WARNING * * *
You hit the komodo dragon.
The komodo dragon is moderately wounded.
The komodo dragon bites you but does no damage.
You hit the komodo dragon.
The komodo dragon is heavily wounded.
The komodo dragon bites you!
* * * LOW HITPOINT WARNING * * *
The komodo dragon bites you but does no damage.
You hit the komodo dragon.
The komodo dragon is heavily wounded.
The komodo dragon bites you but does no damage.
You closely miss the komodo dragon.
The komodo dragon is heavily wounded.
You block the komodo dragon's attack.
You closely miss the komodo dragon.
The komodo dragon is heavily wounded.
The komodo dragon bites you but does no damage.
You hit the komodo dragon.
The komodo dragon is heavily wounded.
The komodo dragon barely misses you.
You hit the komodo dragon.
The komodo dragon is severely wounded.
You block the komodo dragon's attack.
You sock the komodo dragon!
The komodo dragon is almost dead.
The komodo dragon bites you but does no damage.
The komodo dragon bites you!
You die...

..## ." ...##. ## #....
..# #...# ...# ##...#
P...##....# .......l)#
.......@.#
P.....P..#....## .......
#....##
####.....####.....##
...................###
............##.......###
.......[....####........
...........# #........
...........# #........


You could see a komodo dragon.

Vanquished Creatures
  An elephant (D:8)
  A hornet (D:7)
  A yak (D:8)
  A basilisk (D:7)
  A water moccasin (D:7)
  2 black bears
  2 ice beasts
  An orc warrior (D:5)
  A wolf (D:5)
  A centaur (D:5)
  A phantom (D:7)
  A bullfrog (D:7)
  Blork the orc (D:5)
  2 scorpions
  3 gnoll sergeants
  3 jellies
  Crazy Yiuf (D:3)
  An orc priest (D:3)
  6 hounds
  A gnoll bouda (D:5)
  Ijyb (D:3)
  Natasha (thrice) (D:3)
  3 iguanas (D:4)
  5 orc wizards
  Robin (D:3)
  8 adders
  27 gnolls
  A worm (D:4)
  3 dart slugs
  16 orcs
  10 endoplasms
  3 giant cockroaches
  10 hobgoblins
  5 jackals
  6 quokkas
  5 ball pythons
  8 bats
  5 frilled lizards (D:1)
  13 goblins
  12 kobolds
  2 rats (D:1)
179 creatures vanquished.

Vanquished Creatures (others)
  2 fungi (D:3)
  3 plants (D:2)
5 creatures vanquished.

Grand Total: 184 creatures vanquished

Notes
Turn   | Place    | Note
-------+----------+-------------------------------------------
     0 | D:1      | Dittersdorf the Gargoyle Fighter began the quest for the
                  | Orb.
     0 | D:1      | Reached XP level 1. HP: 14/14 MP: 1/1
   199 | D:1      | Reached XP level 2. HP: 19/19 MP: 2/2
   290 | D:1      | Found Zappiseb's Armour Shoppe.
   418 | D:1      | Reached XP level 3. HP: 9/24 MP: 3/3
   952 | D:2      | Found a faded altar of an unknown god.
   990 | D:2      | Reached XP level 4. HP: 29/29 MP: 4/4
  1192 | D:2      | Found a blossoming altar of Fedhas.
  1491 | D:2      | Reached XP level 5. HP: 6/33 MP: 5/5
  2152 | D:3      | Reached XP level 6. HP: 39/39 MP: 6/6
  2190 | D:3      | Noticed Robin
  2213 | D:3      | Killed Robin
  2269 | D:3      | Found a runed translucent door.
  2275 | D:3      | Noticed retardedninja's ghost (amateur DECj)
  2598 | D:3      | Found a runed translucent door.
  2624 | D:3      | Noticed Natasha
  2629 | D:3      | Killed Natasha
  2770 | D:3      | Noticed Ijyb
  2783 | D:3      | Killed Ijyb
  2869 | D:3      | Noticed Natasha
  2885 | D:3      | Killed Natasha
  2941 | D:3      | Found a runed translucent door.
  2942 | D:3      | Noticed Crazy Yiuf
  2949 | D:3      | Killed Crazy Yiuf
  2950 | D:3      | Reached skill level 5 in Shields
  3071 | D:3      | Noticed Natasha
  3076 | D:3      | Killed Natasha
  3077 | D:3      | Reached skill level 5 in Fighting
  3077 | D:3      | Reached skill level 5 in Armour
  3298 | D:3      | Found a runed translucent door.
  3509 | D:3      | Found a runed translucent door.
  3836 | D:4      | Found a staircase to the Ecumenical Temple.
  3852 | Temple   | Entered the Ecumenical Temple
  3859 | Temple   | Became a worshipper of Warmaster Okawaru
  4020 | D:4      | Reached XP level 7. HP: 44/44 MP: 7/7
  4258 | D:4      | Got Fowkapos's Octavo of Twisted Adjuration
  4810 | D:5      | Entered Level 5 of the Dungeon
  4864 | D:5      | Found Iroat's Armour Shop.
  4959 | D:5      | Found Zigg's Magic Scroll Shoppe.
  5008 | D:5      | Reached * piety under Okawaru
  5168 | D:5      | Found a radiant altar of Vehumet.
  5195 | D:5      | Reached XP level 8. HP: 51/51 MP: 8/8
  5381 | D:5      | Noticed Blork the orc
  5395 | D:5      | Killed Blork the orc
  5439 | D:5      | Reached skill level 5 in Maces & Flails
  5813 | D:5      | Found Etepiu's Magic Scroll Boutique.
  5864 | D:5      | Reached ** piety under Okawaru
  6040 | D:6      | Found a burning altar of Makhleb.
  6325 | D:6      | Reached XP level 9. HP: 52/56 MP: 9/9
  6982 | D:7      | Found a hazy altar of Hepliaklqana.
  6985 | D:7      | Found a hide-covered altar of Uskayaw.
  7157 | D:7      | Found a sacrificial altar of Ru.
  7813 | D:8      | Noticed a hornet
  7828 | D:7      | Killed a hornet
  7828 | D:7      | Reached *** piety under Okawaru
  7935 | D:8      | Noticed an elephant
  7956 | D:8      | Killed an elephant
  8172 | D:8      | Noticed a komodo dragon
  8182 | D:8      | HP: 1/59 [komodo dragon (shapeshifter) (16)]
  8188 | D:8      | Mangled by a komodo dragon (shapeshifter)

Illustrated notes

Levels and vault maps discovered:
D:1:      dpeg_arrival_stone_temple_mockup, layout_loops_ring, serial_shops,
          shop, minmay_surrounded
D:2:      layout_loops_ring, basic_altar, hellmonk_ecumenical_altar_arch_garden,
          nicolae_grassy_gnolls
D:3:      layout_basic, ebering_ghost_sewer_f, uniq_natasha, uniq_ijyb,
          uniq_robin, uniq_crazy_yiuf_cottage
D:4:      layout_basic, minmay_temple_entry_stoned_glass,
          hangedman_decor_opposing
D:5:      layout_cave_pools, vehumet_statue, serial_shops, shop,
          serial_gnoll_camp, gnoll_camp_mini_shop, gnoll_camp_mini_shop,
          gnoll_camp_mini_house, gnoll_camp_mini_doghouse, gnoll_camp_mini_hut,
          uniq_blork_the_orc
D:6:      layout_gridville, lightli_temple_of_fire
D:7:      layout_basic, hangedman_ru_absence, nicolae_overflow_hidden_temple
D:8:      layout_layer_cave, mainiacjoe_overflow_catwalk_spiral,
          david_lair_generic
Temple:   cyrus_circular_temple

Skill      XL: |  1  2  3  4  5  6  7  8  9 |
---------------+----------------------------+-----
Shields        | 4 5 6 8 |  8.2
Fighting       | 4 5 6 8 |  8.1
Armour         | 4 5 6 8 |  8.1
Maces & Flails | 3 4 5 7 |  7.0

Action                     |  1- 3 |  4- 6 |  7- 9 || total
---------------------------+-------+-------+-------++-------
  Melee: Flail             |   129 |   209 |   354 ||   692
         Morningstar       |       |       |    37 ||    37
  Throw: Dart              |       |     1 |       ||     1
    Use: Scroll            |     4 |     1 |     9 ||    14
 Armour: Scale mail        |    25 |       |       ||    25
         Chain mail        |    68 |   151 |   218 ||   437
         Plate armour      |       |       |   115 ||   115
  Dodge: Dodged            |    60 |    84 |   135 ||   279
  Block: Buckler           |    29 |    62 |    59 ||   150
         Kite shield       |       |       |   109 ||   109

Table legend: (Time is in decaauts)
 A = Elapsed time spent in this place.
 B = Non-inter-level travel time spent in this place.
 C = Inter-level travel time spent in this place.
 D = Time resting spent in this place.
 E = Time spent auto-exploring this place.
 F = Levels seen in this place.
 G = Mean time per level.
                   A        B        C        D        E       F      G
               +--------+--------+--------+--------+--------+-----+--------+
         Total |   8406 |   8117 |    289 |    655 |   5734 |   9 |  934.0 |
       Dungeon |   8391 |   8114 |    277 |    655 |   5734 |   8 | 1048.9 |
        Temple |     14 |      2 |     12 |      0 |      0 |   1 |   14.0 |
               +--------+--------+--------+--------+--------+-----+--------+

Top non-repeatable levels by time:
     D:3: 1963 daAuts
     D:7: 1242 daAuts
     D:5: 1223 daAuts
     D:4: 1031 daAuts
     D:1: 998 daAuts
     D:2: 974 daAuts
     D:6: 830 daAuts
     D:8: 128 daAuts
  Temple: 14 daAuts
